 Dungeon Crawl Stone Soup version 0.29-a0-557-g43b9904bd1 (webtiles) character file.

Game seed: 14592240861815058359

65 frimble the Chiller (level 4, 0/33 HPs)
             Began as a Meteoran Ice Elementalist on June 9, 2022.
             Killed from afar by a white imp (10 damage)
             ... with a puff of frost
             ... on level 4 of the Dungeon.
             The game lasted 00:03:33 (1693 turns).

frimble the Chiller (Meteoran Ice Elementalist)     Turns: 1693, Time: 00:03:34

Health: 0/33       AC:  2    Str:  9    XL:     4   Next: 60%
Magic:  9/9        EV: 12    Int: 18    God:
Gold:   73         SH:  0    Dex: 15    Spells: 1/8 levels left

rFire   . . .      SeeInvis .   m - +2 hand axe (elec)
rCold   . . .      Faith    .   (no shield)
rNeg    . . .      Spirit   .   a - +0 robe
rPois   .          Reflect  .   (no helmet)
rElec   .          Harm     .   (no cloak)
rCorr   .          Rampage  .   (no gloves)
Will    .....                   (no boots)
Stlth   +.........              (no amulet)
HPRegen 0.11/turn               (no ring)
MPRegen 0.11/turn               (no ring)

@: confused, ambrosia-drunk, very slightly contaminated, glowing
A: sense surroundings 1, otherworldly, glowing, explore regen
a: no special abilities


You were on level 4 of the Dungeon.
You visited 1 branch of the dungeon, and saw 4 of its levels.

You collected 73 gold pieces.

Inventory:

Hand Weapons
 m - a +2 hand axe of electrocution (weapon)
Missiles
 g - a throwing net
Armour
 a - a +0 robe (worn)
Jewellery
 k - a ring of see invisible
Scrolls
 c - 6 scrolls of identify {unknown}
 d - a scroll of noise {unknown}
 i - a scroll of magic mapping {unknown}
 j - a scroll of teleportation {unknown}
Potions
 b - a potion of magic
 e - a potion of curing {unknown}
 f - a potion of ambrosia
 h - a potion of attraction {unknown}
 l - 2 potions of heal wounds {unknown}
 n - a potion of flight {unknown}


   Skills:
 + Level 1.1 Axes
 - Level 2.6 Dodging
 - Level 1.5 Stealth
 - Level 2.9 Spellcasting
 + Level 5.7 Ice Magic


You had one spell level left.
You knew the following spells:

 Your Spells              Type           Power      Damage    Failure   Level
a - Freeze                Ice            92%        1d10      1%          1
b - Frozen Ramparts       Ice            46%        1d6       4%          3
c - Ozocubu's Armour      Ice            23%        N/A       4%          3

Your spell library contained the following spells:

 Spells                   Type           Power      Damage    Failure   Level
 Magic Dart               Conj           8%         1d3       17%         1
 Call Imp                 Summ           2%         N/A       26%         2
 Mephitic Cloud           Conj/Pois/Air  2%         N/A       45%         3
 Hailstorm                Conj/Ice       12%        3d5       45%         4


Dungeon Overview and Level Annotations

Branches:
Dungeon (4/15)
 Temple: D:4-7

Altars:

Annotations:
D:3 2 runed translucent doors


Innate Abilities, Weirdness & Mutations

You passively map a small area around you.
You are easily found by Zot.
You glow in the dark.
You regain HP and MP as you explore.


Message History

As you open the door, it creaks loudly!
There is an open door here.
There is an open door here.
A white imp comes into view.
The white imp shouts!
You hear a shout!
A goblin comes into view. It is wielding a +0 dagger.
The white imp gestures at you. The puff of frost hits you.
Found a helmet.
The white imp gestures at you. The puff of frost hits you!
Casting: Freeze (safe; 1% risk of failure)
Confirm with . or Enter, or press ? or * to list all spells.
Aiming: Freeze (safe; 1% risk of failure)
Press: ? - help, Shift-Dir - straight line, f - white imp
Aim: a white imp You freeze the white imp but do no damage.
The white imp completely resists.
The white imp closely misses you.
You are too injured to fight recklessly!
You hit the goblin.
You kill the goblin!
You closely miss the white imp. The white imp gestures at you.
The puff of frost hits you!
Okay, then.
You aren't carrying any items that you can evoke.
Casting: Freeze (safe; 1% risk of failure)
Confirm with . or Enter, or press ? or * to list all spells.
You miscast Ozocubu's Armour.
You are very lightly contaminated with residual magic.
You feel uncomfortably cold. The white imp gestures at you.
The puff of frost hits you!
* * * LOW HITPOINT WARNING * * *
It was a potion of ambrosia.
You are confused.
You feel invigorated. The white imp gestures at you.
The puff of frost hits you!
You die...

< * ........'..#.. , ,
#####.........#..#..
#......########..#..
#....# #.........#.. ,
#....# #.########### ,
,#....# #.#...... #.. ,
,, ,#....###.#.......#..
#####........#....#####.
.......@.#####....#####<
, ......5).+,
........... ,
........... ...........
.........#.#.* #...##...
..........[....### *#...
* #######+.#.#... ....
........ #....
,,........ #.... #####


You could see a white imp.

Vanquished Creatures
  An adder (D:3)
  A worm (D:3)
  2 dart slugs (D:2)
  An orc (D:3)
  9 endoplasms
  2 giant cockroaches (D:2)
  4 hobgoblins
  A quokka (D:1)
  3 ball pythons
  2 bats
  3 frilled lizards
  6 goblins
  7 kobolds
  5 rats
47 creatures vanquished.

Notes
Turn   | Place    | Note
-------+----------+-------------------------------------------
     0 | D:1      | frimble the Meteoran Ice Elementalist began the quest for
                  | the Orb.
     0 | D:1      | Reached XP level 1. HP: 14/14 MP: 5/5
   105 | D:1      | Reached XP level 2. HP: 18/20 MP: 4/6
   363 | D:2      | Reached XP level 3. HP: 17/26 MP: 5/8
   367 | D:2      | Learned a level 3 spell: Frozen Ramparts
   385 | D:2      | Reached skill level 5 in Ice Magic
  1004 | D:2      | Found a faded altar of an unknown god.
  1098 | D:2      | Glimpsed the power of Zot.
  1151 | D:3      | Learned a level 3 spell: Ozocubu's Armour
  1157 | D:3      | Reached XP level 4. HP: 33/33 MP: 7/9
  1410 | D:3      | Found a large runed translucent door.
  1410 | D:3      | Found a large runed translucent door.
  1529 | D:3      | Reached skill level 1 in Axes
  1693 | D:4      | Killed from afar by a white imp

Illustrated notes

Levels and vault maps discovered:
D:1:      sevenhm_arrival_forest_fort_small_5, layout_basic
D:2:      layout_basic, hellmonk_ecumenical_altar_zigzags,
          minmay_misc_feat_tower, grunt_ministairs_12
D:3:      layout_basic, jmf_multi_god_temple2
D:4:      minmay_polygon_palace, layout_gridville,
          minmay_temple_entry_large_hall, serial_co_window_serial,
          co_window_cross_1, co_window_corner_a, co_window_of_opportunity_a,
          co_window_corner_a, co_window_of_opportunity_a, co_window_paths_b,
          co_window_paths_b, co_window_of_opportunity_b, co_window_2corner,
          co_window_2corner, co_window_paths_c, glass_columns_a, glass_columns_c

Skill      XL: |  1  2  3  4 |
---------------+-------------+-----
Ice Magic      | 5 |  5.7
Axes           | 1 |  1.1
Dodging        | |  2.6
Stealth        | |  1.5
Spellcasting   | |  2.9

Action                   |  1- 3 |  4- 6 || total
-------------------------+-------+-------++-------
Melee: Unarmed           |    13 |       ||    13
       Hand axe          |       |    13 ||    13
 Cast: Freeze            |    49 |     9 ||    58
  Use: Potion            |       |     1 ||     1
 Stab: Sleeping          |       |     1 ||     1
Armor: Robe              |     4 |     2 ||     6
Dodge: Dodged            |    29 |     9 ||    38

Table legend: (Time is in decaauts)
 A = Elapsed time spent in this place.
 B = Non-inter-level travel time spent in this place.
 C = Inter-level travel time spent in this place.
 D = Time resting spent in this place.
 E = Time spent auto-exploring this place.
 F = Levels seen in this place.
 G = Mean time per level.
                   A        B        C        D        E       F      G
               +--------+--------+--------+--------+--------+-----+--------+
         Total |   1697 |   1587 |    110 |      0 |   1271 |   4 |  424.2 |
       Dungeon |   1697 |   1587 |    110 |      0 |   1271 |   4 |  424.2 |
               +--------+--------+--------+--------+--------+-----+--------+

Top non-repeatable levels by time:
     D:2: 674 daAuts
     D:3: 546 daAuts
     D:1: 428 daAuts
     D:4: 48 daAuts
